 Dungeon Sprint DCSS version 0.21.1-1-g345015f (webtiles) character file.

0 Psiloshibe the Skirmisher (level 1, 15/15 HPs)
             Began as a Gargoyle Berserker on June 24, 2018.
             Was a Follower of Trog.
             Quit the game in the Dungeon (Sprint VI: "Thunderdome").
             The game lasted 00:01:05 (58 turns).

Psiloshibe the Skirmisher (Gargoyle Berserker)        Turns: 58, Time: 00:01:06

Health: 15/15      AC:  4    Str: 23    XL:     1   Next: 40%
Magic:  0/0        EV: 12    Int:  7    God:    Trog [*.....]
Gold:   20         SH:  0    Dex: 12    Spells: 0/0 levels left

rFire    . . .     SeeInvis .   a - +0 mace
rCold    + + +     Gourm    .   (no shield)
rNeg     + . .     Faith    .   b - +0 animal skin
rPois    ∞         Spirit   .   (no helmet)
rElec    +         Reflect  .   (no cloak)
rCorr    .         Harm     .   (no gloves)
MR       +++..     NoTele   +   (no boots)
Stlth    +.........             (no amulet)
HPRegen  0.05/turn              n - ring "Hoanuh" {*Drain rElec MR+ Str+3}
MPRegen  0.07/turn              o - ring of Sistrin {-Tele rC+++ MR++ MP-9 Dex+3}

@: no status effects
A: negative energy resistance 1, electricity resistance, unbreathing,
petrification resistance, rot immunity, AC +2
a: Berserk, Burn Spellbooks, Renounce Religion


You were in the Dungeon.
You worshipped Trog.
Trog was aware of your devotion.
You were not hungry.

You visited 1 branch You collected 200 gold pieces.
You spent 180 gold pieces at shops.

Inventory:

Hand Weapons
 a - a +0 mace (weapon)
Armour
 b - a +0 animal skin (worn)
Jewellery
 n - the ring "Hoanuh" (left hand) {*Drain rElec MR+ Str+3}
   (You bought it in a shop in the Dungeon)

   [ring of protection from magic]

   It affects your strength (+3).
   It insulates you from electricity.
   It affects your resistance to hostile enchantments.
   It causes draining when unequipped.
 o - the ring of Sistrin (right hand) {-Tele rC+++ MR++ MP-9 Dex+3}
   (You bought it in a shop in the Dungeon)

   [ring of dexterity]

   It affects your dexterity (+3).
   It renders you almost immune to cold.
   It affects your resistance to hostile enchantments.
   It affects your magic capacity (-9).
   It prevents most forms of teleportation.
 p - the amulet of Coty {+Rage rPois rC- Slay+2}
   (You bought it in a shop in the Dungeon)

   [amulet of rage]

   It affects your accuracy and damage with ranged weapons and melee attacks
   (+2).
   It makes you vulnerable to cold.
   It protects you from poison.
   It lets you go berserk.
 q - the amulet of Gytuget {Inacc rElec Str+4 Dex+4 Stlth-}
   (You bought it in a shop in the Dungeon)

   [amulet of inaccuracy]

   It reduces the accuracy of all your attacks.
   It affects your strength (+4).
   It affects your dexterity (+4).
   It insulates you from electricity.
   It makes you less stealthy.
Wands
 k - a wand of acid (5)
 l - a wand of iceblast (5)
Scrolls
 i - 4 scrolls of blinking
 m - 3 scrolls of fog
Potions
 d - a potion of curing
 e - 4 potions of heal wounds
 f - 4 potions of haste
 g - 2 potions of magic
 h - a potion of berserk rage
 j - a potion of resistance
Comestibles
 c - a ration


   Skills:
 + Level 3.7 Fighting
 + Level 3.3 Maces & Flails
 * Level 0.7 Throwing
 + Level 2.3 Armour
 + Level 1.7 Dodging


You couldn't memorise any spells.
You didn't know any spells.

Dungeon Overview and Level Annotations

Branches:
Dungeon (1/1)

Altars:
Cheibriados
Dithmenos
Fedhas
Kikubaaqudgha
Okawaru
Qazlal
Ru
Trog
Uskayaw
Vehumet
Wu Jian
Xom
Yredelemnul
The Shining One
Beogh
Jiyva
Lugonu

Shops:
D *[%???:(!!!!


Innate Abilities, Weirdness & Mutations

You are resistant to torment.
Your stone body is resilient. (AC +2)
You are immune to poison.
You resist negative energy. (rN+)
You are resistant to electric shocks. (rElec)
You can survive without breathing.
You are immune to petrification.
You are immune to rotting.


Message History

The bat skeleton barely misses you. The bat skeleton misses you.
The bat skeleton barely misses you.
The bat skeleton hits you but does no damage. x2
Found a radiant altar of Vehumet.
You hit the bat skeleton but do no damage.
The bat skeleton barely misses you.
The bat skeleton hits you but does no damage.
The bat skeleton barely misses you.
The bat skeleton hits you but does no damage.
You sock the bat skeleton!
You destroy the bat skeleton!
Trog accepts your kill.
Found an iron altar of Okawaru.
Found a sacrificial altar of Ru.
There is a spawn point here.
Found Jiosh's Distillery and Obezatakh's Distillery.
Found Kilabuh's Bottled Wisdom.
Found Languusm's Do-It-Yourself Clinic.
Found three altars.
Found a glowing golden altar of the Shining One.
Are you sure you want to abandon this character and quit the game? (Confirm with "yes".)

###.........###
#⌠...........⌠#
####.8.........8.######
___......###......___∩##
.......8.# #.8........∩#
.........###............
......###...###.........
......# #.<.# #.........
......# #...# #.@.......
.........###............
.......8. #.8........∩#
.__......# #......___∩##
####.8.........8.######
#⌠...........⌠#
###.........### ....._


There were no monsters in sight!

Vanquished Creatures
  A ball python (D)
  A bat skeleton (D)
2 creatures vanquished.

Notes
Turn   | Place    | Note
-------+----------+-------------------------------------------
     0 | D        | Psiloshibe the Gargoyle Berserker began the quest for the Orb.
     0 | D        | Reached XP level 1. HP: 14/14 MP: 1/1
     4 | D        | Found a roughly hewn altar of Beogh.
     4 | D        | Found a bloodstained altar of Trog.
     5 | D        | Found a blossoming altar of Fedhas.
     5 | D        | Found a viscous altar of Jiyva.
     5 | D        | Round 1.
     6 | D        | Found an ancient bone altar of Kikubaaqudgha.
     7 | D        | Found Deuwegh's Delicious Food.
     7 | D        | Found a basalt altar of Yredelemnul.
     7 | D        | Found a shimmering altar of Xom.
     7 | D        | Found Beoxuruc's Identification Station.
     8 | D        | Found Faiqudou's Jewellery.
     8 | D        | Found Vaumy's Advanced Armour.
    17 | D        | Bought a pitted golden ring for 45 gold pieces
    17 | D        | Bought a scorched turquoise ring for 45 gold pieces
    17 | D        | Bought a brightly glowing jade amulet for 45 gold pieces
    17 | D        | Identified the amulet of Coty {+Rage rPois rC- Slay+2} (You bought it in a shop in the Dungeon)
    18 | D        | Identified the ring "Hoanuh" {*Drain rElec MR+ Str+3} (You bought it in a shop in the Dungeon)
    19 | D        | Identified the ring of Sistrin {-Tele rC+++ MR++ MP-9 Dex+3} (You bought it in a shop in the Dungeon)
    20 | D        | Bought a crude iron amulet for 45 gold pieces
    21 | D        | Identified the amulet of Gytuget {Inacc rElec Str+4 Dex+4 Stlth-} (You bought it in a shop in the Dungeon)
    35 | D        | Found Qepimem's Magic Scroll Shop.
    35 | D        | Found Aratinn's Magic Scroll Shop.
    36 | D        | Found Huantup's Must-Have Magic.
    37 | D        | Found a shadowy altar of Dithmenos.
    37 | D        | Found a hide-covered altar of Uskayaw.
    37 | D        | Found a corrupted altar of Lugonu.
    37 | D        | Found Niruatel's Staff Store.
    41 | D        | Found a radiant altar of Vehumet.
    46 | D        | Found an iron altar of Okawaru.
    47 | D        | Found a sacrificial altar of Ru.
    51 | D        | Found Jiosh's Distillery.
    51 | D        | Found Obezatakh's Distillery.
    52 | D        | Found Kilabuh's Bottled Wisdom.
    53 | D        | Found a stormy altar of Qazlal.
    53 | D        | Found an ornate altar of the Wu Jian Council.
    53 | D        | Found a snail-covered altar of Cheibriados.
    53 | D        | Found Languusm's Do-It-Yourself Clinic.
    57 | D        | Found a glowing golden altar of the Shining One.
    58 | D        | Quit the game

Action                   || total
-------------------------++-------
Melee: Mace              ||     3
Armor: Animal skin       ||     6
Dodge: Dodged            ||     8
